 Dungeon Crawl Stone Soup version 0.30-a0-800-g7c544603b3 (webtiles) character file.

Game seed: 16579058190973403178

149 cforsyth the Sneak (level 5, -1/32 HPs)
             Began as a Kobold Brigand on Feb 23, 2023.
             Slain by Demosthentine's ghost (2 damage)
             ... on level 3 of the Dungeon.
             The game lasted 00:07:17 (2451 turns).

cforsyth the Sneak (Kobold Brigand)                 Turns: 2451, Time: 00:07:18

Health: -1/32      AC:  4    Str:  9    XL:     5   Next: 56%
Magic:  5/5        EV: 15    Int: 12    God:
Gold:   132        SH:  0    Dex: 18    Spells: 4/4 levels left

rFire   . . .      SeeInvis .    a - +2 dagger
rCold   . . .      Faith    .    (no shield)
rNeg    . . .      Spirit   .    b - +0 robe
rPois   .          Reflect  .    p - +0 helmet
rElec   .          Harm     .    c - +0 cloak
rCorr   .          Rampage  .    (no gloves)
Will    .....                    (no boots)
Stlth   ++++                     (no amulet)
HPRegen 0.25/turn                (no ring)
MPRegen 0.09/turn                (no ring)

@: mighty
A: small, no large weapons, nightstalker 3
a: no special abilities


You were on level 3 of the Dungeon.
You visited 1 branch of the dungeon, and saw 3 of its levels.

You collected 132 gold pieces.

Inventory:

Hand Weapons
 a - a +2 dagger (weapon)
Missiles
 d - 9 poisoned darts (quivered)
 e - 3 curare-tipped darts
Armour
 b - a +0 robe (worn)
 c - a +0 cloak (worn)
 p - a +0 helmet (worn)
Jewellery
 l - an amulet of reflection
 t - an amulet of the acrobat
Wands
 o - a wand of flame (14)
Scrolls
 g - a scroll of torment {unknown}
 h - 3 scrolls of identify {unknown}
 i - a scroll of amnesia {unknown}
 j - 2 scrolls of fog
 k - a scroll of immolation
 q - a scroll of brand weapon {unknown}
 r - 4 scrolls of teleportation {unknown}
 s - a scroll of magic mapping {unknown}
 u - a scroll of enchant weapon {unknown}
Potions
 f - 2 potions of curing
 m - a potion of heal wounds {unknown}
 n - a potion of might


   Skills:
 + Level 3.4 Fighting
 + Level 4.1 Short Blades
 - Level 2.1 Throwing
 + Level 3.1 Dodging
 + Level 6.4 Stealth


You had 4 spell levels left.
You didn't know any spells.
Your spell library contained the following spells:

 Spells                   Type           Power      Damage    Failure   Level
 Slow                     Hex            0%         N/A       32%         1
 Confusing Touch          Hex            0%         N/A       69%         3
 Gell's Gravitas          Tloc           0%         N/A       69%         3
 Teleport Other           Tloc           0%         N/A       69%         3
 Vampiric Draining        Necr           0%         2d6       69%         3
 Dispersal                Tloc           0%         N/A       100%        6


Dungeon Overview and Level Annotations

Branches:
Dungeon (3/15)

Altars:
Uskayaw
Yredelemnul

Shops:
D:3 (

Annotations:
D:3 Demosthentine's ghost, weakling DsGl


Innate Abilities, Weirdness & Mutations

You are small and have problems with some larger weapons.
You are completely attuned to the shadows.


Message History

Demosthentine's ghost misses you.
You hit Demosthentine's ghost but do no damage.
Demosthentine's ghost is heavily damaged.
You hit Demosthentine's ghost but do no damage.
Demosthentine's ghost is heavily damaged.
Demosthentine's ghost misses you.
You barely miss Demosthentine's ghost.
Demosthentine's ghost is heavily damaged.
Demosthentine's ghost misses you.
You hit Demosthentine's ghost but do no damage.
Demosthentine's ghost is heavily damaged.
Demosthentine's ghost hits you!
* * * LOW HITPOINT WARNING * * *
You hit Demosthentine's ghost but do no damage.
Demosthentine's ghost is heavily damaged.
Demosthentine's ghost hits you.
* * * LOW HITPOINT WARNING * * *
You hit Demosthentine's ghost.
Demosthentine's ghost is severely damaged.
You hit Demosthentine's ghost.
Demosthentine's ghost is severely damaged.
Demosthentine's ghost barely misses you.
You hit Demosthentine's ghost but do no damage.
Demosthentine's ghost is severely damaged.
Demosthentine's ghost barely misses you.
Unknown command.
You hit Demosthentine's ghost but do no damage.
Demosthentine's ghost is severely damaged.
Demosthentine's ghost hits you.
* * * LOW HITPOINT WARNING * * *
It was a potion of curing.
You feel better.
Demosthentine's ghost closely misses you.
You hit Demosthentine's ghost.
Demosthentine's ghost is severely damaged.
Demosthentine's ghost hits you!
* * * LOW HITPOINT WARNING * * *
It was a potion of might.
You feel very mighty all of a sudden. Demosthentine's ghost hits you.
You die...

#.........# #.≈.#.
#####......#### #.≈.#.
#.........## ##.≈...
#.........# ####..≈≈≈≈
#.........#####.........
#.......................
#.........######........
#.........# #........
#......@..# #........
####.#W#..## #........
###~##..# #........
##~###.# #........ #~#
#.# ######.#. #~# #.##
#.... #!# #..# #.##. #~#
##.# #####....
#.####......##


You could see Demosthentine's ghost.

Vanquished Creatures
  Robin (D:1)
  6 adders
  2 worms
  2 dart slugs
  2 orcs (D:3)
  3 ball pythons (D:3)
  6 endoplasms
  2 giant cockroaches (D:1)
  11 goblins
  8 hobgoblins
  7 quokkas
  6 bats
  6 frilled lizards
  4 kobolds
  4 rats
70 creatures vanquished.

Notes
Turn   | Place    | Note
-------+----------+-------------------------------------------
     0 | D:1      | cforsyth the Kobold Brigand began the quest for the Orb.
     0 | D:1      | Reached XP level 1. HP: 12/12 MP: 1/1
   129 | D:1      | Reached XP level 2. HP: 12/18 MP: 2/2
   646 | D:1      | Reached XP level 3. HP: 14/22 MP: 3/3
   885 | D:2      | Noticed Robin
   983 | D:1      | Killed Robin
  1104 | D:2      | Reached XP level 4. HP: 27/27 MP: 4/4
  1254 | D:2      | Reached skill level 6 in Stealth
  1776 | D:3      | Found a basalt altar of Yredelemnul.
  1871 | D:3      | Reached XP level 5. HP: 32/32 MP: 5/5
  1880 | D:3      | Found a hide-covered altar of Uskayaw.
  2068 | D:3      | Found Cycs's Antique Weapon Shoppe.
  2258 | D:3      | Found a runed translucent door.
  2417 | D:3      | Noticed Demosthentine's ghost (weakling DsGl)
  2450 | D:3      | HP: 1/32 [Demosthentine's ghost (11)]
  2451 | D:3      | Slain by Demosthentine's ghost

Illustrated notes

Levels and vault maps discovered:
D:1:      dpeg_arrival_refuge, layout_loops_ring, serial_bayou_ford_a
D:2:      minmay_door_path, layout_loops_ring, uniq_robin
D:3:      layout_rooms, old_standard_altar, mainiacjoe_overflow_brackets,
          ebering_ghost_sewer_d, serial_shops, nicolae_shop_trees,
          kennysheep_generic_room_14

Skill      XL: |  1  2  3  4  5 |
---------------+----------------+-----
Short Blades   | 3 4 |  4.1
Dodging        | 2 3 |  3.1
Fighting       | 3 |  3.4
Stealth        | 6 |  6.4
Throwing       | |  2.1

Action                     |  1- 3 |  4- 6 || total
---------------------------+-------+-------++-------
  Melee: Dagger            |    75 |    96 ||   171
    Use: Scroll            |     2 |       ||     2
         Potion            |       |     2 ||     2
   Stab: Sleeping          |    15 |    20 ||    35
         Distracted        |     1 |     2 ||     3
 Armour: Robe              |     9 |    11 ||    20
  Dodge: Dodged            |    39 |    44 ||    83

Table legend: (Time is in decaauts)
 A = Elapsed time spent in this place.
 B = Non-inter-level travel time spent in this place.
 C = Inter-level travel time spent in this place.
 D = Time resting spent in this place.
 E = Time spent auto-exploring this place.
 F = Levels seen in this place.
 G = Mean time per level.
                   A        B        C        D        E       F      G
               +--------+--------+--------+--------+--------+-----+--------+
         Total |   2444 |   2396 |     48 |     40 |   1909 |   3 |  814.7 |
       Dungeon |   2444 |   2396 |     48 |     40 |   1909 |   3 |  814.7 |
               +--------+--------+--------+--------+--------+-----+--------+

Top non-repeatable levels by time:
     D:1: 907 daAuts
     D:2: 865 daAuts
     D:3: 671 daAuts
